[Event "WCCC U10 2019"]
[Site "Weifang"]
[Date "2019.08.21"]
[Round "1.1"]
[White "Materia, Marco"]
[Black "Tushishvili, Tamaz"]
[Result "1-0"]
[ECO "D36"]
[WhiteElo "2236"]
[BlackElo "1330"]
[Annotator "RC"]
[PlyCount "71"]
[EventDate "2019.08.21"]
[EventType "swiss"]
[EventCountry "CHN"]
[SourceTitle "playchess.com"]
[Source "ChessBase"]
[SourceQuality "1"]
[TimeControl "40/5400+30:1800+30"]

1. d4 d5 2. c4 e6 3. Nc3 Nf6 4. cxd5 exd5 5. Bg5 Be7 6. e3 c6 7. Bd3 O-O 8. Qc2 Nbd7 9. Nge2 Re8 10. O-O h6 11. Bh4 a5 12. f3 Nf8 13. Kh1 Ne6 14. Rad1 Bd7 15. Qc1 Rc8 16. e4 dxe4 17. fxe4 Ng4 18. Bxe7 Qxe7 19. h3 Nf6 20. e5 Nd5 21. Ne4 c5 22. Nf6+ gxf6 23. Qxh6 f5 24. Rxf5 Qf8 25. Qh4 Qg7 26. Rf3 Nf8 27. Rg3 Ng6 28. Qh5 Nde7 29. Nf4 Qh7 30. Qg5 c4 31. Be4 Rc6 32. d5 Rb6 33. e6 fxe6 34. Nxg6 Nxg6 35. Bxg6 Qg7 36. Bf7+ 1-0

[Event "WCCC U10 2019"]
[Site "Weifang"]
[Date "2019.08.21"]
[Round "1.2"]
[White "Wickramarathne, T D"]
[Black "Vetokhin, Savva"]
[Result "1/2-1/2"]
[ECO "E91"]
[WhiteElo "1328"]
[BlackElo "2016"]
[Annotator "NA"]
[PlyCount "230"]
[EventDate "2019.08.21"]
[EventType "swiss"]
[EventCountry "CHN"]
[SourceTitle "playchess.com"]
[Source "ChessBase"]
[SourceQuality "1"]
[TimeControl "40/5400+30:1800+30"]

1. d4 Nf6 2. c4 g6 3. Nc3 Bg7 4. e4 d6 5. Nf3 O-O 6. Be2 c5 7. d5 e6 8. O-O exd5 9. exd5 Bf5 10. h3 Re8 11. Be3 Ne4 {[%emt 0:01:34] E91: King's Indian: Classical: 6 Be2, unusual replies including 6...c5 and 6...Bg4} 12. Qb3 $146 ({Predecessor:} 12. Nxe4 Bxe4 13. Qd2 Qb6 14. Ng5 Bf5 15. g4 Bc8 16. Rab1 Nd7 17. Kg2 Qd8 18. b3 Nf8 19. Bd3 {½-½ (31) Wang,S (2203)-Chen,Q (2432) Qinhuangdao 2018}) 12... Nxc3 13. bxc3 Qc7 14. Rfd1 Be4 15. Ng5 Bf5 16. Nf3 Nd7 17. Bd3 Bxd3 18. Rxd3 Nf6 19. Rb1 Re7 20. Bg5 h6 21. Bxf6 Bxf6 22. Re3 Rb8 23. Rbe1 Rbe8 24. Kf1 Rxe3 25. Rxe3 Rxe3 26. fxe3 Qb6 27. Qxb6 axb6 28. Ke2 Bxc3 29. Kd3 Bf6 30. Ne1 Kf8 31. Nc2 Bg5 32. Na3 Ke7 33. Nb5 Kd7 34. Ke4 h5 35. Kf3 Bf6 36. Kf4 Be5+ 37. Kg5 Ke7 38. e4 Bb2 39. g4 hxg4 40. hxg4 Bc1+ 41. Kh4 Bf4 42. g5 f6 43. gxf6+ Kxf6 44. Kg4 g5 45. Kf3 Ke5 46. a4 g4+ 47. Kxg4 Kxe4 48. Nc3+ Ke5 49. Kf3 Bh6 50. Nb5 Bg5 51. Kg4 Be3 52. Kf3 Bh6 53. Ke2 Bf4 54. Kf3 Kf5 55. Nc3 Bh2 56. Nb5 Ke5 57. Kg2 Bf4 58. Kf3 Bg5 59. Kg4 Be7 60. Kf3 Kf5 61. Nc3 Bf6 62. Nb5 Be5 63. Ke3 Bh2 64. Kf3 Kg5 65. Kg2 Be5 66. Kf3 Kf5 67. Ke3 Bh2 68. Kf3 Ke5 69. Kg2 Bf4 70. Kf3 Bh6 71. Ke2 Bg5 72. Kf3 Be7 73. Ke3 Bg5+ 74. Kf3 Bf6 75. Ke3 Bh4 76. Kf3 Bg5 77. Kg4 Be7 78. Kf3 Kf5 79. Ke3 Bg5+ 80. Kf3 Bf4 81. Nc3 Bd2 82. Nb5 Ke5 83. Ke2 Bg5 84. Kf3 Bh6 85. Ke2 Bf8 86. Ke3 Bh6+ 87. Kf3 Bg5 $11 88. Kg4 Bc1 89. Kf3 Bb2 90. Ke3 Bc1+ 91. Kf3 Bd2 92. Ke2 Bh6 93. Kf3 Bf8 94. Ke3 Kf5 95. Kf3 Kg5 96. Nc3 Be7 97. Nb5 Bf8 98. Nc3 Kf5 99. Nb5 Ke5 100. Ke3 Bh6+ 101. Kf3 Bg7 102. Ke3 Bh6+ 103. Kf3 Bg5 104. Kg4 Bh6 105. Kf3 Bd2 106. Ke2 Bg5 107. Kf3 Bh6 108. Ke2 Bg5 109. Kf3 Bd2 110. Ke2 Bc1 111. Kf3 Bg5 112. Kg4 Bd2 113. Kf3 Bc1 114. Ke2 Ke4 115. Nxd6+ Kd4 1/2-1/2

[Event "WCCC U10 2019"]
[Site "Weifang"]
[Date "2019.08.21"]
[Round "1.3"]
[White "Ilamparthi A R"]
[Black "Chai, Isaac"]
[Result "1-0"]
[ECO "D02"]
[WhiteElo "1984"]
[BlackElo "1305"]
[Annotator "NA"]
[PlyCount "85"]
[EventDate "2019.08.21"]
[EventType "swiss"]
[EventCountry "CHN"]
[SourceTitle "playchess.com"]
[Source "ChessBase"]
[SourceQuality "1"]
[TimeControl "40/5400+30:1800+30"]

1. Nf3 Nf6 2. g3 d5 3. d4 c5 4. Bg2 Nc6 5. O-O e6 6. b3 Be7 7. Bb2 O-O 8. Nbd2 Bd7 9. c4 Rc8 10. cxd5 Nxd5 11. e4 Nf6 12. Qe2 cxd4 13. Nxd4 Nxd4 14. Bxd4 a6 15. Nc4 Bb5 16. Rfd1 Qc7 17. Rac1 Rfd8 18. Qe3 Ng4 19. Qf3 Nf6 20. h3 Bc6 21. Be5 Rxd1+ 22. Rxd1 Bxe4 23. Qxe4 Nxe4 24. Bxc7 Nxf2 25. Rd7 Bc5 $18 26. Bxb7 Rf8 27. Kg2 f5 28. b4 Ba7 29. Be5 Rf7 30. Rd8+ Rf8 31. Rxf8+ Kxf8 32. Bxa6 Nd3 33. Bd6+ Ke8 34. b5 Bc5 35. b6 Bxd6 36. Nxd6+ Kd7 37. b7 Kc7 38. Bxd3 Kb8 39. a4 Ka7 40. a5 Kb8 41. a6 Ka7 42. Bc4 Kb8 43. Nb5 1-0

[Event "WCCC U10 2019"]
[Site "Weifang"]
[Date "2019.08.21"]
[Round "1.4"]
[White "Zhu, Chenxi"]
[Black "Bharadia Yash"]
[Result "0-1"]
[ECO "C77"]
[WhiteElo "1298"]
[BlackElo "1963"]
[Annotator "NA"]
[PlyCount "96"]
[EventDate "2019.08.21"]
[EventType "swiss"]
[EventCountry "CHN"]
[SourceTitle "playchess.com"]
[Source "ChessBase"]
[SourceQuality "1"]
[TimeControl "40/5400+30:1800+30"]

1. e4 e5 2. Nf3 Nc6 3. Bb5 a6 4. Ba4 Nf6 5. d4 Nxe4 6. Qe2 f5 7. dxe5 {[%emt 0:16:18] C77: Ruy Lopez: 3...a6 4 Ba4 Nf6, unusual lines} Nc5 (7... Be7 8. Bb3 Nc5 9. Bc4 Ne6 10. O-O O-O 11. Rd1 Qe8 12. Nc3 b5 13. Bb3 Na5 14. Bd5 c6 {1-0 (43) Todorovic,N (2312)-Dumpor,A (2335) Kragujevac 2015}) 8. Bxc6 dxc6 9. O-O Ne6 10. Rd1 Qe7 11. Nc3 $146 ({Predecessor:} 11. b3 Qc5 12. Be3 Qe7 13. Bc1 Qc5 14. Qd3 g6 15. Bg5 h6 16. Bd8 Be7 17. Bxe7 Kxe7 18. Qc3 Bd7 19. Nh4 Be8 20. Rd3 {½-½ (20) Gensch,M (1830)-Schiffner,H (1621) Uckley 2001}) 11... h6 12. Nd4 Qf7 13. Qf3 Nxd4 14. Rxd4 Be6 15. Be3 Be7 16. b4 g5 17. g3 O-O 18. h4 Qg6 19. hxg5 hxg5 20. Qg2 Kg7 21. f4 g4 22. Kf2 Rh8 23. Rh1 Rxh1 24. Qxh1 Rh8 25. Qg2 Rh3 26. a3 Qh5 27. Kg1 Qf7 28. Rd2 (28. Rd3 $142) 28... Qe8 29. Bd4 Kg6 30. Bf2 a5 31. Bc5 axb4 32. axb4 Bxc5+ 33. bxc5 Qa8 34. Kf2 Qa5 35. Rd3 Qxc5+ 36. Ke1 Bc4 37. Rd7 Qe3+ {[%emt 0:00:21] Double Attack} 38. Kd1 Rxg3 39. Qxg3 Qxg3 40. Ne2 Qf3 41. Rxc7 Qxe2+ 42. Kc1 Qe3+ 43. Kb1 Qb6+ 44. Kc1 Qxc7 45. Kd2 g3 46. Ke1 Qb6 47. c3 Qe3+ 48. Kd1 Bb3# 0-1

[Event "WCCC U10 2019"]
[Site "Weifang"]
[Date "2019.08.21"]
[Round "1.5"]
[White "Lu, Miaoyi"]
[Black "Hou, Yixuan"]
[Result "1-0"]
[ECO "E07"]
[WhiteElo "1950"]
[BlackElo "1287"]
[Annotator "NA"]
[PlyCount "47"]
[EventDate "2019.08.21"]
[EventType "swiss"]
[EventCountry "CHN"]
[SourceTitle "playchess.com"]
[Source "ChessBase"]
[SourceQuality "1"]
[TimeControl "40/5400+30:1800+30"]

1. d4 Nf6 2. c4 (2. Nf3 d5 3. c4 e6 {½-½ (9) Kallai,G (2475)-Horvath,C (2507) Hungary 2017}) 2... e6 3. g3 d5 4. Nf3 Be7 5. Bg2 O-O 6. O-O Nbd7 7. Nbd2 b6 8. cxd5 exd5 9. Ne5 {[%emt 0:02:31] E07: Closed Catalan: Main Line (5 Nf3 0-0 6 0-0 Nbd7)} Bb7 10. f4 c5 11. e3 Qc7 $146 ({Predecessor:} 11... Ne4 12. Qa4 Nxe5 13. dxe5 Nxd2 14. Bxd2 {1-0 (46) Piliposyan,R (1898)-Karamyan,V (1956) Yerevan 2018}) 12. Kh1 Rad8 13. Ndf3 Ne4 14. Qc2 f6 15. Nxd7 Qxd7 16. Kg1 Ba6 17. Rd1 Rc8 18. dxc5 Nxc5 (18... Rfd8 $17 19. Nd4 Bxc5) 19. Qb1 {[%emt 0:07:55] [#]} Qg4 $15 20. Rd2 Qe6 21. Ng5 Qxe3+ 22. Rf2 Qe1+ 23. Rf1 Bxf1 24. Qxh7# 1-0

[Event "WCCC U10 2019"]
[Site "Weifang"]
[Date "2019.08.21"]
[Round "1.6"]
[White "Lam, Chun Yung Samuel"]
[Black "Kong, Xiangrui"]
[Result "0-1"]
[ECO "A08"]
[WhiteElo "1283"]
[BlackElo "1889"]
[Annotator "NA"]
[PlyCount "34"]
[EventDate "2019.08.21"]
[EventType "swiss"]
[EventCountry "CHN"]
[SourceTitle "playchess.com"]
[Source "ChessBase"]
[SourceQuality "1"]
[TimeControl "40/5400+30:1800+30"]

1. Nf3 d5 2. g3 Nf6 3. Bg2 c5 4. O-O Nc6 5. d3 Bf5 6. Bf4 e6 7. Nbd2 h6 8. h4 Be7 9. Re1 Nh5 10. e4 Nxf4 11. exf5 Nxg2 12. Kxg2 exf5 13. Ne5 O-O 14. Qf3 Nd4 15. Qd1 Bf6 16. c3 Ne6 17. Qf3 f4 0-1

[Event "WCCC U10 2019"]
[Site "Weifang"]
[Date "2019.08.21"]
[Round "1.7"]
[White "Jakhari, Ansh"]
[Black "Saiai, Purimprach"]
[Result "1-0"]
[ECO "C06"]
[WhiteElo "1878"]
[BlackElo "1269"]
[Annotator "NA"]
[PlyCount "121"]
[EventDate "2019.08.21"]
[EventType "swiss"]
[EventCountry "CHN"]
[SourceTitle "playchess.com"]
[Source "ChessBase"]
[SourceQuality "1"]
[TimeControl "40/5400+30:1800+30"]

1. e4 e6 2. d4 d5 3. Nd2 Nf6 4. e5 Nfd7 5. Bd3 c5 6. c3 Nc6 7. Ne2 cxd4 8. cxd4 f6 9. Nf4 Nxd4 10. Qh5+ Ke7 11. Ng6+ hxg6 12. exf6+ Nxf6 13. Qxh8 Kf7 14. Qh4 e5 15. Nf3 Nxf3+ 16. gxf3 Qb6 {[%emt 0:07:07] C06: French Tarrasch: 3...Nf6 4 e5 Nfd7 5 Bd3 main lines} (16... Bf5 17. Bxf5 gxf5 18. Bg5 Qa5+ 19. Kf1 g6 20. Qh8 Qa6+ 21. Kg2 Re8 22. Rac1 Be7 23. Qh6 Qd6 24. Rc2 Bf8 25. Qh4 Bg7 26. Rhc1 Re7 27. Bxf6 Bxf6 {1-0 (51) Rublevsky,S (2702)-Volkov,S (2594) Dagomys 2009}) 17. O-O Bd6 $146 ({Predecessor:} 17... Be6 18. Bg5 Nh5 19. Rfe1 Bd6 20. Be3 d4 21. Bd2 Rh8 22. Qg5 Rh6 23. f4 e4 24. Bxe4 {1-0 (43) Arzumanian,G (2427)-Ljukin,S (2371) Simferopol 2003}) 18. Bg5 Bf5 19. Bxf5 gxf5 $14 20. Rad1 Ke6 21. b3 Rg8 22. Kh1 Qd8 23. Rxd5 Qc8 24. Rd2 Rh8 25. Qc4+ Qxc4 26. bxc4 e4 27. Bxf6 gxf6 28. fxe4 Bxh2 29. exf5+ Kxf5 30. Kg2 Bf4 31. Rd7 Rh2+ 32. Kf3 Rh3+ 33. Ke2 Ra3 34. Rxb7 Rxa2+ 35. Kd3 Be5 36. c5 Ra6 37. Rc1 Rc6 38. Rxa7 Bd6 39. Kd4 Rc8 40. Kd5 Be5 41. c6 Kf4 42. Ke6 Kf3 43. Kd7 Rh8 44. c7 Rh7+ 45. Ke6 Bxc7 46. Rcxc7 Rxc7 47. Rxc7 Kxf2 48. Kxf6 Kf3 49. Kf5 Ke3 50. Rd7 Kf3 51. Rd3+ Ke2 52. Ke4 Kf2 53. Kf4 Ke2 54. Rd4 Kf2 55. Rd2+ Ke1 56. Ke3 Kf1 57. Kf3 Kg1 58. Rf2 Kh1 59. Kg3 Kg1 60. Rf3 Kh1 61. Rf1# 1-0

[Event "WCCC U10 2019"]
[Site "Weifang"]
[Date "2019.08.21"]
[Round "1.8"]
[White "Do, Quang Minh"]
[Black "Yang, Jack"]
[Result "1-0"]
[ECO "A34"]
[WhiteElo "1265"]
[BlackElo "1835"]
[Annotator "NA"]
[PlyCount "73"]
[EventDate "2019.08.21"]
[EventType "swiss"]
[EventCountry "CHN"]
[SourceTitle "playchess.com"]
[Source "ChessBase"]
[SourceQuality "1"]
[TimeControl "40/5400+30:1800+30"]

1. e4 c5 2. Nf3 Nc6 3. c4 e6 4. Nc3 Nf6 5. d3 d6 6. Be3 e5 7. Be2 Nd4 8. h3 Be7 9. O-O O-O 10. Nd5 Nxd5 11. cxd5 f5 12. Bxd4 cxd4 13. Qb3 f4 $11 (13... Bg5 $15) 14. Rac1 Kh8 15. Rc2 g5 16. Nh2 Qe8 17. Rfc1 b6 18. Rc7 Bd7 19. Rb7 Bd8 20. Qb4 Bc8 21. Rxc8 Rxc8 22. Qxd6 Rc1+ 23. Nf1 Rc8 24. Bh5 Bc7 25. Rxc7 Qd8 26. Qxe5+ Qf6 27. Qxf6+ Rxf6 28. Rxc8+ Kg7 29. e5 Rf5 30. e6 Rxd5 31. e7 Re5 32. e8=Q Rxe8 33. Bxe8 f3 34. Rc7+ Kh6 35. Ng3 g4 36. h4 fxg2 37. Nf5# 1-0

[Event "WCCC U10 2019"]
[Site "Weifang"]
[Date "2019.08.21"]
[Round "1.9"]
[White "Meng, Yihan"]
[Black "Dulguun Sukhbaatar"]
[Result "1-0"]
[ECO "B22"]
[WhiteElo "1793"]
[BlackElo "1242"]
[Annotator "NA"]
[PlyCount "147"]
[EventDate "2019.08.21"]
[EventType "swiss"]
[EventCountry "CHN"]
[SourceTitle "playchess.com"]
[Source "ChessBase"]
[SourceQuality "1"]
[TimeControl "40/5400+30:1800+30"]

1. e4 c5 2. Nf3 e6 3. c3 d5 4. exd5 exd5 5. d4 Nf6 6. Be3 Nbd7 7. Be2 Be7 8. O-O O-O 9. dxc5 Nxc5 10. Nbd2 Nfe4 11. Nb3 b6 12. Nfd4 Bd6 13. Bb5 Qc7 14. h3 Bb7 15. Nf5 Be5 16. Bd4 a6 17. Be2 Rad8 18. Ne3 f5 19. Bf3 Rf6 20. Bxe4 Nxe4 21. Bxe5 Qxe5 22. Qd4 Qc7 23. Nd2 h5 24. f4 Ng3 25. Rf2 Re6 26. Kh2 h4 27. Qd3 Qc5 28. Rf3 d4 29. Nc2 Bxf3 30. Nxf3 Qd6 31. Qxd4 Ne2 32. Qxd6 Rdxd6 33. Ncd4 Re4 34. Nxf5 Rf6 35. N5xh4 Rfxf4 36. g3 Rf6 37. Rd1 Re8 38. Kg2 Ref8 39. Re1 Re6 40. Kf2 g5 41. Rxe2 Rxe2+ 42. Kxe2 gxh4 43. Nxh4 Kg7 44. Nf3 Re8+ 45. Kf2 Kf6 46. g4 Re4 47. Nd2 Ra4 48. a3 Ra5 49. Ne4+ Ke6 50. Ke3 Rd5 51. Nf2 Re5+ 52. Kd2 Kf6 53. h4 Kg6 54. c4 Kh6 55. b4 Kg6 56. Kd3 Re1 57. c5 b5 58. Kd4 Ra1 59. Nd3 Rf1 60. c6 Rf8 61. Kc5 Kf6 62. Kb6 Ke6 63. Nc5+ Kd5 64. c7 Kd6 65. Kb7 Rf7 66. Nxa6 Rh7 67. h5 Rg7 68. h6 Rh7 69. g5 Re7 70. g6 Rd7 71. h7 Rg7 72. h8=Q Rxg6 73. c8=Q Re6 74. Qcd8# {[%emt 0:00:17] Kd5} 1-0

[Event "WCCC U10 2019"]
[Site "Weifang"]
[Date "2019.08.21"]
[Round "1.10"]
[White "Yang, Siyuan"]
[Black "Efimov, Leonid"]
[Result "0-1"]
[ECO "D02"]
[WhiteElo "1234"]
[BlackElo "1773"]
[Annotator "NA"]
[PlyCount "156"]
[EventDate "2019.08.21"]
[EventType "swiss"]
[EventCountry "CHN"]
[SourceTitle "playchess.com"]
[Source "ChessBase"]
[SourceQuality "1"]
[TimeControl "40/5400+30:1800+30"]

1. Nf3 d5 2. g3 c6 3. Bg2 Bg4 4. d4 Nf6 5. O-O Nbd7 6. c4 dxc4 7. Nbd2 b5 8. a4 a6 9. Qc2 Nd5 10. h3 Bh5 11. b3 c3 12. Nb1 b4 13. e4 N5f6 14. g4 Bg6 15. Nh4 Nb6 16. Be3 e6 17. g5 Nfd5 18. Nxg6 Nxe3 19. fxe3 hxg6 20. Qf2 Ra7 21. h4 e5 22. Ra2 Bd6 23. a5 Nc8 24. Ra4 Qe7 25. Bh3 O-O 26. Qe2 exd4 27. exd4 c5 28. d5 Qe5 29. Rf3 Ne7 30. Re3 c4 31. bxc4 Bc5 32. Nxc3 Qxc3 33. Kf2 Bxe3+ 34. Qxe3 Qc2+ 35. Kf3 Qxa4 36. Qxa7 b3 37. Qb7 Qxc4 38. d6 Qd3+ 39. Kg2 Qxd6 40. Qxb3 Qe5 41. Qb4 Nc6 42. Qc4 Nxa5 43. Qxa6 Qxe4+ 44. Kh2 Qc2+ 45. Kg3 Nc4 46. Qc6 Qd3+ 47. Kh2 Qd6+ 48. Qxd6 Nxd6 49. Kg3 Rb8 50. Bg4 Rb3+ 51. Kf4 Rb4+ 52. Kf3 Nf5 53. h5 Rxg4 54. Kxg4 gxh5+ 55. Kxf5 g6+ 56. Kf4 Kf8 57. Ke5 Ke7 58. Kf4 Ke6 59. Ke4 f5+ 60. gxf6 Kxf6 61. Kf4 g5+ 62. Kg3 Kf5 63. Kf3 h4 64. Kg2 Kf4 65. Kf2 h3 66. Kg1 g4 67. Kf2 g3+ 68. Kg1 h2+ 69. Kh1 Kf5 70. Kg2 Ke4 71. Kh1 Kf4 72. Kg2 h1=Q+ 73. Kxh1 Kf3 74. Kg1 g2 75. Kh2 Kf2 76. Kh3 g1=Q 77. Kh4 Qg6 78. Kh3 Qg3# 0-1

[Event "WCCC U10 2019"]
[Site "Weifang"]
[Date "2019.08.22"]
[Round "2.1"]
[White "Jiang, Qiyu"]
[Black "Materia, Marco"]
[Result "0-1"]
[ECO "E05"]
[WhiteElo "1593"]
[BlackElo "2236"]
[Annotator "NA"]
[PlyCount "120"]
[EventDate "2019.08.21"]
[EventType "swiss"]
[EventCountry "CHN"]
[SourceTitle "playchess.com"]
[Source "ChessBase"]
[SourceQuality "1"]
[TimeControl "40/5400+30:1800+30"]

1. Nf3 d5 2. g3 Nf6 3. Bg2 e6 4. O-O Be7 5. d4 O-O 6. c4 dxc4 7. Ne5 Nc6 8. Bxc6 bxc6 9. Nxc6 Qe8 10. Nxe7+ Qxe7 11. Qc2 c5 12. dxc5 Qxc5 13. Be3 Qh5 14. f3 e5 15. Nd2 Be6 16. Nxc4 Rfc8 17. b3 Bd5 18. Bc1 Rc7 19. Bb2 Rac8 20. Rac1 Bxc4 21. bxc4 Rxc4 22. Qb3 Rxc1 23. Rxc1 Qf5 24. Rxc8+ Qxc8 25. Bxe5 Qc5+ 26. Kg2 Qxe5 27. Qc4 g6 28. Kf2 Kg7 29. Qa6 Qc5+ 30. Kg2 Nd5 31. Qd3 Ne3+ 32. Kf2 Nc2+ 33. Kf1 h6 34. h4 h5 35. Qd2 Ne3+ 36. Ke1 Nf5 37. Qb2+ Qd4 38. Qxd4+ Nxd4 39. Kd2 Nf5 40. g4 Nxh4 41. Ke3 Ng2+ 42. Kf2 Nf4 43. e3 Nd5 44. gxh5 gxh5 45. e4 Nc3 46. a3 Kf6 47. Ke3 Kg5 48. Kd3 Kf4 49. Kxc3 h4 50. a4 h3 51. a5 h2 52. Kb4 h1=Q 53. Kb5 Qf1+ 54. Kc6 Qa6+ 55. Kd7 Kxf3 56. Ke7 Qe6+ 57. Kf8 Kxe4 58. a6 Kf5 59. Kg8 Kf6 60. Kf8 Qc8# 0-1

[Event "WCCC U10 2019"]
[Site "Weifang"]
[Date "2019.08.22"]
[Round "2.2"]
[White "Mehrotra, Ekansh"]
[Black "Ilamparthi A R"]
[Result "0-1"]
[ECO "B76"]
[WhiteElo "1585"]
[BlackElo "1984"]
[Annotator "NA"]
[PlyCount "108"]
[EventDate "2019.08.21"]
[EventType "swiss"]
[EventCountry "CHN"]
[SourceTitle "playchess.com"]
[Source "ChessBase"]
[SourceQuality "1"]
[TimeControl "40/5400+30:1800+30"]

1. e4 c5 2. Nf3 d6 3. d4 cxd4 4. Nxd4 Nf6 5. Nc3 g6 6. Be3 Bg7 7. f3 O-O 8. Qd2 Nc6 9. O-O-O d5 10. Kb1 Nxd4 11. e5 Nf5 12. exf6 Bxf6 13. Nxd5 Qxd5 14. Qxd5 Nxe3 15. Qd3 Nxd1 16. Qxd1 Be6 17. Bd3 Rfd8 18. Qe2 Rac8 19. h4 Rc5 20. g4 Rd6 21. h5 Rb6 22. b3 Rb4 23. hxg6 hxg6 24. Bxg6 a5 25. Bh7+ Kf8 26. Bf5 Bxf5 27. gxf5 Rd4 28. Qh2 Rcd5 29. Qe2 Rd2 30. Qe1 a4 31. Kc1 Bg5 32. f4 Bxf4 33. Qh4 Rd1+ 34. Kb2 a3+ 35. Kxa3 Bc1+ 36. Kb4 R1d4+ 37. Qxd4 Rxd4+ 38. Kc3 Be3 39. Rh3 Bg1 40. Rg3 Rd1 41. a4 Rf1 42. Rg5 Be3 43. Rh5 Kg7 44. Kd3 Ba7 45. b4 Rf4 46. c4 Kf6 47. a5 Rxf5 48. Rxf5+ Kxf5 49. b5 Bc5 50. b6 Ke5 51. a6 bxa6 52. b7 Bd6 53. c5 Bb8 54. c6 f5 {[%emt 0:00:02] Kd4+} 0-1

[Event "WCCC U10 2019"]
[Site "Weifang"]
[Date "2019.08.22"]
[Round "2.3"]
[White "Bharadia Yash"]
[Black "Woodward, Andy"]
[Result "1-0"]
[ECO "B90"]
[WhiteElo "1963"]
[BlackElo "1522"]
[Annotator "NA"]
[PlyCount "87"]
[EventDate "2019.08.21"]
[EventType "swiss"]
[EventCountry "CHN"]
[SourceTitle "playchess.com"]
[Source "ChessBase"]
[SourceQuality "1"]
[TimeControl "40/5400+30:1800+30"]

1. e4 c5 2. Nf3 d6 3. d4 cxd4 4. Nxd4 Nf6 5. Nc3 a6 6. Be3 e5 7. Nb3 Be6 8. f3 Be7 9. Qd2 O-O 10. O-O-O Nbd7 11. g4 b5 12. h4 b4 13. Ne2 a5 14. Kb1 Nb6 15. Ng3 g6 16. h5 Qc7 17. g5 Nfd7 18. Qh2 Rfc8 19. hxg6 Nf8 20. g7 Kxg7 21. Nh5+ Kh8 22. Nf6 Bxf6 23. gxf6 a4 24. Bxb6 Qc6 25. Bb5 Qxc2+ 26. Qxc2 Rxc2 27. Kxc2 axb3+ 28. axb3 Rc8+ 29. Bc4 Nd7 30. Rxd6 Bxc4 31. bxc4 Nf8 32. c5 Ne6 33. c6 Kg8 34. Rhd1 h5 35. Rd8+ Rxd8 36. Rxd8+ Kh7 37. Re8 h4 38. Rxe6 h3 39. Rxe5 Kg6 40. c7 h2 41. c8=Q h1=Q 42. Qf5+ Kh6 43. Qg5+ Kh7 44. Qg7# 1-0

[Event "WCCC U10 2019"]
[Site "Weifang"]
[Date "2019.08.22"]
[Round "2.4"]
[White "Sowinski, Pawel"]
[Black "Lu, Miaoyi"]
[Result "1-0"]
[ECO "B19"]
[WhiteElo "1582"]
[BlackElo "1950"]
[Annotator "NA"]
[PlyCount "121"]
[EventDate "2019.08.21"]
[EventType "swiss"]
[EventCountry "CHN"]
[SourceTitle "playchess.com"]
[Source "ChessBase"]
[SourceQuality "1"]
[TimeControl "40/5400+30:1800+30"]

1. e4 c6 2. d4 d5 3. Nc3 dxe4 4. Nxe4 Bf5 5. Ng3 Bg6 6. h4 h6 7. Nf3 Nd7 8. Bd3 Bxd3 9. Qxd3 e6 10. O-O Ngf6 11. Re1 Be7 12. c4 O-O 13. Bf4 Nb6 14. Rad1 c5 15. d5 exd5 16. Nf5 Re8 17. cxd5 Nfxd5 18. Qe4 Bf6 19. Be5 Bxe5 20. Nxe5 Qf6 21. g4 Rad8 22. f4 Kf8 23. Rxd5 g6 24. Rxd8 Rxd8 25. Qxb7 gxf5 26. g5 hxg5 27. hxg5 Qg7 28. Nc6 Rc8 29. Re5 Ra8 30. Nb8 Kg8 31. Nd7 Nxd7 32. Qxd7 Rb8 33. Qxf5 Rd8 34. Qe4 Kf8 35. Qc6 Qh7 36. Qh6+ Kg8 37. Qxh7+ Kxh7 38. Rxc5 Rd1+ 39. Kg2 Rd2+ 40. Kf3 Rxb2 41. Ra5 Rb7 42. Ra6 Kg7 43. Kg4 Rc7 44. f5 Rb7 45. Kh5 Rc7 46. g6 fxg6+ 47. Rxg6+ Kf7 48. Ra6 Kg7 49. a4 Rb7 50. Kg5 Rc7 51. a5 Rd7 52. Rc6 Kf7 53. a6 Kg7 54. Rc8 Kf7 55. Rb8 Rd6 56. Rb7+ Kf8 57. Rxa7 Rb6 58. f6 Rb1 59. Rb7 Rg1+ 60. Kh4 Rh1+ 61. Kg3 1-0

[Event "WCCC U10 2019"]
[Site "Weifang"]
[Date "2019.08.22"]
[Round "2.5"]
[White "Kong, Xiangrui"]
[Black "Zhang, Enming"]
[Result "1-0"]
[ECO "B92"]
[WhiteElo "1889"]
[BlackElo "1457"]
[Annotator "NA"]
[PlyCount "131"]
[EventDate "2019.08.21"]
[EventType "swiss"]
[EventCountry "CHN"]
[SourceTitle "playchess.com"]
[Source "ChessBase"]
[SourceQuality "1"]
[TimeControl "40/5400+30:1800+30"]

1. e4 c5 2. Nf3 d6 3. d4 cxd4 4. Nxd4 Nf6 5. Nc3 a6 6. Be2 e5 7. Nb3 Be7 8. Bg5 Be6 9. Bxf6 Bxf6 10. Qd3 Bg5 11. Rd1 Nc6 12. Qxd6 Qxd6 13. Rxd6 Ke7 14. Rd1 Nb4 15. Bd3 Rac8 16. a3 Nxd3+ 17. Rxd3 Rhd8 18. Rxd8 Rxd8 19. O-O f5 20. Nc5 Bc4 21. Rb1 Rd2 22. exf5 Rxc2 23. Nxb7 Bc1 24. Na5 Bxb2 25. Nxc4 Bxc3 26. Ne3 Rd2 27. g4 Bd4 28. Rb7+ Kf6 29. h4 Bxe3 30. fxe3 Rd6 31. e4 h6 32. Kf2 Rc6 33. Ke2 Rd6 34. Ke3 Rc6 35. g5+ hxg5 36. hxg5+ Kxg5 37. Rxg7+ Kh6 38. Rd7 Kg5 39. Kd3 Kg4 40. Re7 Kf4 41. Re6 Rc7 42. Rd6 a5 43. f6 a4 44. Ra6 Rd7+ 45. Ke2 Kxe4 46. Rxa4+ Kf5 47. Ra6 e4 48. a4 Kf4 49. a5 e3 50. Rb6 Rd2+ 51. Ke1 Rd7 52. a6 Kf3 53. Rb7 Rd8 54. Rh7 Rb8 55. Rh3+ Ke4 56. a7 Rc8 57. f7 Kd3 58. Kd1 Ra8 59. Rf3 Rh8 60. Kc1 Rh1+ 61. Kb2 Rh2+ 62. Kb3 Kd2 63. a8=Q e2 64. f8=Q e1=Q 65. Qd6+ Kc1 66. Qa1# 1-0

[Event "WCCC U10 2019"]
[Site "Weifang"]
[Date "2019.08.22"]
[Round "2.6"]
[White "Zhang, Lichen"]
[Black "Jakhari, Ansh"]
[Result "1-0"]
[ECO "A28"]
[WhiteElo "1482"]
[BlackElo "1878"]
[Annotator "NA"]
[PlyCount "69"]
[EventDate "2019.08.21"]
[EventType "swiss"]
[EventCountry "CHN"]
[SourceTitle "playchess.com"]
[Source "ChessBase"]
[SourceQuality "1"]
[TimeControl "40/5400+30:1800+30"]

1. c4 e5 2. Nc3 Nf6 3. Nf3 Nc6 4. e3 Bb4 5. Qc2 O-O 6. Nd5 Be7 7. Be2 d6 8. Nxe7+ Qxe7 9. O-O Bg4 10. h3 Bh5 11. d3 Rfe8 12. b3 a5 13. a3 h6 14. Bb2 Qe6 15. Rfe1 Bg6 16. Qc3 d5 17. Rad1 Rad8 18. Nh2 d4 19. exd4 exd4 20. Qd2 Qd6 21. Bf1 Ne5 22. Qxa5 Bh5 23. Rc1 Nc6 24. Qd2 b6 25. b4 Ne5 26. c5 Qd5 27. cxb6 cxb6 28. f4 Ned7 29. g4 Bg6 30. Bg2 Qb3 31. f5 Bh7 32. Nf3 Rxe1+ 33. Rxe1 h5 34. Nxd4 Qa2 35. Ra1 1-0

[Event "WCCC U10 2019"]
[Site "Weifang"]
[Date "2019.08.22"]
[Round "2.7"]
[White "Renji, Rafael Ninan"]
[Black "Meng, Yihan"]
[Result "1-0"]
[ECO "A45"]
[WhiteElo "1446"]
[BlackElo "1793"]
[Annotator "NA"]
[PlyCount "139"]
[EventDate "2019.08.21"]
[EventType "swiss"]
[EventCountry "CHN"]
[SourceTitle "playchess.com"]
[Source "ChessBase"]
[SourceQuality "1"]
[TimeControl "40/5400+30:1800+30"]

1. d4 Nf6 2. Bg5 g6 3. Bxf6 exf6 4. e3 Bg7 5. Nf3 O-O 6. Bd3 f5 7. O-O d6 8. Nbd2 Nd7 9. c3 Nf6 10. Re1 b6 11. e4 fxe4 12. Nxe4 Bb7 13. Nxf6+ Qxf6 14. Be4 d5 15. Bc2 c5 16. Qd2 c4 17. Ne5 Qd6 18. Re2 f6 19. Nf3 Rae8 20. Rae1 Kf7 21. h4 Bc8 22. h5 Bg4 23. hxg6+ hxg6 24. Bxg6+ Kxg6 25. Rxe8 Rxe8 26. Rxe8 Bxf3 27. gxf3 Qd7 28. Re1 Qf5 29. Qe2 Bh6 30. Qe8+ Kg5 31. Qg8+ Kh5 32. Kg2 Qg6+ 33. Qxg6+ Kxg6 34. Re2 Bf4 35. b3 b5 36. bxc4 bxc4 37. Kf1 Kf7 38. Rb2 Ke6 39. Ke2 Bc7 40. Rb5 Kd6 41. Ke3 a6 42. Rb7 Ba5 43. Kd2 Bd8 44. Ra7 a5 45. Ke3 Kc6 46. Ra8 Bb6 47. Kf4 Bc7+ 48. Kf5 Kb7 49. Rf8 Bd6 50. Rf7+ Kc8 51. Rxf6 Ba3 52. Ra6 Bb2 53. Rxa5 Bxc3 54. Rxd5 Bb4 55. Ke4 Kc7 56. Rc5+ Bxc5 57. dxc5 Kc6 58. Kd4 Kb5 59. c6 Kxc6 60. Kxc4 Kd6 61. a4 Kc6 62. a5 Kb7 63. f4 Kc6 64. f5 Kd6 65. a6 Kc6 66. f6 Kb6 67. f7 Kxa6 68. f8=Q Ka5 69. Qf6 Ka4 70. Qa1# 1-0